 Dungeon Crawl Stone Soup version 0.25-a0-287-g56a5b49892 (webtiles) character file.

Game seed: 546753488298500574, levelgen mode: deterministic

49 Esekla the Conjurer (level 3, -4/19 HPs)
             Began as a Deep Elf Conjurer on Dec 12, 2019.
             Killed from afar by Sigmund (8 damage)
             ... with a puff of flame
             ... on level 2 of the Dungeon.
             The game lasted 00:08:55 (1041 turns).

Esekla the Conjurer (Deep Elf Conjurer)             Turns: 1041, Time: 00:08:55

Health: -4/19      AC:  4    Str:  5    XL:     3   Next: 53%
Magic:  7/10       EV: 13    Int: 19    God:
Gold:   58         SH:  0    Dex: 16    Spells: 6/9 levels left

rFire    . . .     SeeInvis .   l - +0 dagger (protect)
rCold    . . .     Gourm    .   (no shield)
rNeg     . . .     Faith    .   a - +0 robe
rPois    .         Spirit   .   h - +1 helmet
rElec    .         Reflect  .   (no cloak)
rCorr    .         Harm     .   (no gloves)
MR       .....                  (no boots)
Stlth    ++........             (no amulet)
HPRegen  0.06/turn              (no ring)
MPRegen  0.12/turn              (no ring)

@: no status effects
A: no striking features
a: no special abilities


You were on level 2 of the Dungeon.
You were hungry.

You visited 1 branch of the dungeon, and saw 2 of its levels.

You collected 58 gold pieces.

Inventory:

Hand Weapons
 l - a +0 dagger of protection (weapon)
Missiles
 e - 13 poisoned darts (quivered)
 k - 7 atropa-tipped darts
Armour
 a - a +0 robe (worn)
 h - a +1 helmet (worn)
Scrolls
 d - a scroll of blinking {unknown}
 f - a scroll of teleportation
Potions
 b - a potion of curing {unknown}
 g - a potion of might {unknown}
 i - a potion of resistance {unknown}
 j - a potion of cancellation {unknown}
 m - a potion of flight {unknown}
Comestibles
 c - 2 rations


   Skills:
 + Level 0.4 Short Blades
 * Level 2.9 Dodging
 - Level 2.4 Stealth
 * Level 3.6 Spellcasting
 + Level 5.3 Conjurations


You had 6 spell levels left.
You knew the following spells:

 Your Spells              Type           Power        Failure   Level  Hunger
a - Magic Dart            Conj           ###.         1%          1    None
e - Searing Ray           Conj           ###...       2%          2    ##.....

Your spell library contained the following spells:

 Spells                   Type           Power        Failure   Level  Hunger
 Dazzling Flash           Conj/Hex       ##....       14%         3    ###....
 Fulminant Prism          Conj/Hex       ##........   43%         4    ####...
 Iskenderun's Mystic Bla  Conj/Tloc      ##......     43%         4    ####...


Dungeon Overview and Level Annotations

Branches:
Dungeon (2/15)

Altars:
Qazlal

Annotations:
D:2 Sigmund


Message History

Sigmund shouts!
Sigmund hits you from afar with a +0 scythe!
Ouch! That really hurt!
* * * LOW HITPOINT WARNING * * *
Sigmund misses you.
Found 2 bubbling clear potions.
Okay, then.
Casting: Magic Dart (safe; 1% risk of failure)
Confirm with . or Enter, or press ? or * to list all spells.
Aiming: Searing Ray (safe; 2% risk of failure)
Press: ? - help, Shift-Dir - straight line, f - Sigmund
Aim: Sigmund, wielding a +0 scythe, wearing a +0 robe and carrying a wand of flame (24)
The searing ray hits Sigmund.
Sigmund is lightly wounded. (Press . to maintain the ray.)
You are feeling hungry.
The searing ray hits Sigmund.
Sigmund is moderately wounded.
Sigmund zaps a wand.
The puff of flame hits you!
You die...

##.#.#.###.#...#####
##.#.#.###.#.......#
##.# #.....#.#.###.#
##.# #######.#.# #.#
##.# ..#.# #.# # .#
####.# #.# ##.# ..#
#.# ≈#.#
#.#####.#### .#.#
#....@.@...#
.#.#####
.......##.##.#
........ ....... ..#
#
.#.#####........####
≈...............
.#<#####..!.....
.#..............
.#.#############
.#.#


You could see Sigmund.

Vanquished Creatures
  An ooze (D:1)
  2 dart slugs (D:1)
  A leopard gecko (D:1)
  2 giant cockroaches
  5 goblins (D:1)
  3 hobgoblins
  4 jackals (D:1)
  4 bats (D:1)
  7 frilled lizards
  6 kobolds (D:1)
  3 rats
38 creatures vanquished.

Notes
Turn   | Place    | Note
-------+----------+-------------------------------------------
     0 | D:1      | Esekla the Deep Elf Conjurer began the quest for the Orb.
     0 | D:1      | Reached XP level 1. HP: 10/10 MP: 6/6
   151 | D:1      | Reached XP level 2. HP: 15/15 MP: 6/8
   230 | D:1      | Learned a level 2 spell: Searing Ray
   263 | D:1      | Reached skill level 5 in Conjurations
   586 | D:1      | Reached XP level 3. HP: 19/19 MP: 6/10
   844 | D:1      | Found a stormy altar of Qazlal.
   969 | D:2      | Found a faded altar of an unknown god.
  1036 | D:2      | Noticed Sigmund
  1041 | D:2      | Killed from afar by Sigmund

Levels and vault maps discovered:
D:1:      dpeg_arrival_water_altar, layout_basic
D:2:      minmay_diamond_boxcup, layout_basic, nicolae_overflow_hidden_temple,
          chequers_ecumenical_altar_island, minmay_crystal_room, uniq_sigmund

Skill      XL: |  1  2 |
---------------+-------+-----
Conjurations   | 5 |  5.3
Short Blades   | |  0.4
Dodging        | |  2.9
Stealth        | |  2.4
Spellcasting   | |  3.6

Action                   || total
-------------------------++-------
Melee: Dagger            ||    15
       Short sword       ||     8
 Cast: Magic Dart        ||    46
       Searing Ray       ||     6
  Use: Scroll            ||     3
 Stab: Sleeping          ||     3
Armor: Robe              ||     4
Dodge: Dodged            ||    27

Table legend:
 A = Non-vault XP
 B = Vault XP
 C = Vault XP percentage of total XP
 D = Non-vault monster count
 E = Vault monster count
 F = Vault count percentage of total count
                 A         B        C        D         E       F
            +---------+---------+-------+---------+---------+-------
      Total |      71 |       0 |   0.0 |      38 |       0 |   0.0
            +---------+---------+-------+---------+---------+-------
        D:1 |      65 |       0 |   0.0 |      34 |       0 |   0.0
        D:2 |       6 |       0 |   0.0 |       4 |       0 |   0.0
            +---------+---------+-------+---------+---------+-------
